 Dungeon Crawl Stone Soup version 0.31.0-9-g3a7656b989 (webtiles) character file.

Game seed: 5981716029514086326

104 qw the Shooter (level 4, 0/25 HPs)
             Began as a Deep Elf Hunter on Feb 2, 2024.
             Slain by a cerulean imp
             ... wielding a +4 spear
             ... summoned by Natasha
              (5 damage)
             ... on level 3 of the Dungeon.
             The game lasted 00:00:08 (1662 turns).

qw the Shooter (Deep Elf Hunter)                    Turns: 1662, Time: 00:00:08

Health: 0/25       AC:  3    Str: 10    XL:     4   Next: 52%
Magic:  6/6        EV: 12    Int: 11    God:
Gold:   145        SH:  0    Dex: 18    Spells: 3/3 levels left

rFire   . . .        a - +0 shortbow
rCold   + + +        (shield currently unavailable)
rNeg    . . .        b - +0 leather armour of the Furies {Fly rC+++ Will- Int-3}
rPois   .            (no helmet)
rElec   .            (no cloak)
rCorr   .            (no gloves)
SInv    .            (no boots)
Will    .....        e - amulet of regeneration
Stlth   ++           (no ring)
HPRegen 1.04/turn    (no ring)
MPRegen 0.10/turn

%: no passive effects
@: flying
A: no striking features
a: no special abilities


You were on level 3 of the Dungeon.
You visited 1 branch of the dungeon, and saw 3 of its levels.

You collected 145 gold pieces.


   Skills:
 - Level 1.5 Fighting
 + Level 7.9 Ranged Weapons
 - Level 2.4 Dodging
 - Level 1.2 Stealth


You had 3 spell levels left.
You didn't know any spells.
Your spell library was empty.

Inventory:

Hand Weapons
 a - a +0 shortbow (weapon)
Armour
 b - the +0 leather armour of the Furies (worn) {Fly rC+++ Will- Int-3}
   (You found it on level 2 of the Dungeon)

   Int-3:     It affects your intelligence (-3).
   rC+++:     It renders you almost immune to cold.
   Will-:     It decreases your willpower.
   Fly:       It grants you flight.
 i - a +0 ring mail
Jewellery
 e - an amulet of regeneration (around neck)
 k - a +6 ring of dexterity
Scrolls
 c - a scroll of blinking {unknown}
 h - a scroll of amnesia {unknown}
 l - a scroll of revelation {unknown}
 n - a scroll of identify
Potions
 d - a potion of enlightenment
 f - a potion of attraction {unknown}
 g - a potion of invisibility {unknown}
 j - a potion of magic {unknown}
 m - a potion of haste {unknown}

Dungeon Overview and Level Annotations

Branches:
Dungeon (3/15)

Altars:

Annotations:
D:3 Grinder, Natasha


Message History

Found a book of Touch.
You see here a book of Touch.
Found a stone staircase leading up.
Enter note: A hobgoblin comes into view.
You shoot an arrow.
The arrow hits the hobgoblin but does no damage.
You shoot an arrow. The arrow hits the hobgoblin.
You kill the hobgoblin!
You see here a hobgoblin corpse.
There is an open door here.
A ball python comes into view.
You shoot an arrow.
The arrow closely misses the ball python.
The ball python hisses angrily.
You shoot an arrow. The arrow hits the ball python.
You kill the ball python!
You reach down and open the door.
Natasha and Grinder come into view.
You shoot an arrow. The arrow hits Grinder.
Grinder shouts!
Grinder is lightly wounded.
You shoot an arrow.
Natasha hisses angrily.
The arrow hits Grinder!
Grinder is moderately wounded.
Natasha casts a spell.
You shoot an arrow. The arrow hits Grinder!
Grinder is heavily wounded.
You shoot an arrow. The arrow hits Grinder.
Grinder is heavily wounded.
You shoot an arrow. The arrow closely misses Grinder.
Grinder closely misses you.
You shoot an arrow. The arrow barely misses Grinder.
Grinder hits you.
You writhe in agony.
You shoot an arrow. The arrow hits Grinder.
Grinder is severely wounded.
Grinder hits you!
You writhe in agony.
The cerulean imp hits you from afar with a +4 spear.
You die...

####### # %...... # # #
########### # .#
#.##.....##### # #.#
#........'.... # ....
#.###########.....####.
##.#.#
#.....@................
...#.#
#####5#######....######
.###.# .5h #..........
>....# ###. #....######
....## # #. #....'.....
.##.##.# #. #....######
...).).# #. #....#
.##.#### #. #....# ###
.##.######.# ......#
#..


You could see Grinder, Natasha and a cerulean imp (summoned).

Vanquished Creatures
  Jessica (D:2)
  An adder (D:3)
  4 endoplasms
  4 giant cockroaches
  6 goblins
  10 hobgoblins
  10 jackals (D:2)
  2 quokkas
  3 ball pythons
  3 bats
  3 frilled lizards
  4 kobolds
  13 rats
64 creatures vanquished.

Notes
Turn   | Place    | Note
-------+----------+-------------------------------------------
     0 | D:1      | qw the Deep Elf Hunter began the quest for the Orb.
     0 | D:1      | Reached XP level 1. HP: 12/12 MP: 3/3
     0 | D:1      | 0 ||| qw: Version: 0.3-a-155-g5e7d8dd
     0 | D:1      | 0 ||| qw: Game counter: 1487
     0 | D:1      | 0 ||| qw: Melee chars always use a shield: true
     0 | D:1      | 0 ||| qw: God list: Okawaru
     0 | D:1      | 0 ||| qw: Allow faded altars: false
     0 | D:1      | 0 ||| qw: Do Orc after clearing Dungeon:15 true
     0 | D:1      | 0 ||| qw: Do second Lair branch before Depths: true
     0 | D:1      | 0 ||| qw: Lair rune preference: random
     0 | D:1      | 0 ||| qw: Goals: Normal
     0 | D:1      | 0 ||| PLANNING D:1-11
   126 | D:1      | You fall into a shaft and drop 1 floor!
   133 | D:2      | Reached skill level 6 in Ranged Weapons
   133 | D:2      | Reached XP level 2. HP: 16/16 MP: 4/4
   216 | D:2      | 216 ||| FLEEEEING.
   217 | D:2      | 217 ||| FLEEEEING.
   218 | D:2      | 218 ||| FLEEEEING.
   219 | D:2      | 219 ||| FLEEEEING.
   220 | D:2      | 220 ||| FLEEEEING.
   221 | D:2      | 221 ||| STAIRDANCE
   676 | D:1      | 676 ||| UPGRADING to +0 ring mail.
   686 | D:1      | 686 ||| DROPPING +0 leather armour.
   687 | D:1      | 687 ||| UPGRADING to amulet of regeneration.
   692 | D:1      | 692 ||| READING scroll labelled LANUJE XERO.
   693 | D:1      | 693 ||| READING scroll labelled EWOMUWUZ MUMPA.
   698 | D:1      | 698 ||| READING scroll labelled ANOENN RARGH.
   698 | D:1      | 698 ||| IDENTIFYING clear potion
   699 | D:1      | 699 ||| DROPPING scroll of butterflies.
   739 | D:2      | Reached XP level 3. HP: 20/20 MP: 5/5
   777 | D:2      | Noticed Jessica
   785 | D:2      | Killed Jessica
   786 | D:2      | Reached skill level 7 in Ranged Weapons
   947 | D:2      | Reached XP level 4. HP: 25/25 MP: 6/6
  1287 | D:2      | Identified the +0 leather armour of the Furies {Fly rC+++
                  | Will- Int-3}
  1293 | D:2      | 1293 ||| UPGRADING to +0 leather armour of the Furies {Fly
                  | rC+++ Will- Int-3}.
  1303 | D:2      | 1303 ||| DRINKING 2 sedimented puce potions.
  1357 | D:2      | 1357 ||| DROPPING potion of lignification.
  1655 | D:3      | Noticed Natasha
  1655 | D:3      | Noticed Grinder
  1662 | D:3      | HP: 5/25 [Grinder (4)]
  1662 | D:3      | Slain by a cerulean imp

Levels and vault maps discovered:
D:1:      wander_arrival_chamber, layout_basic
D:2:      layout_loops_ring, uniq_jessica
D:3:      layout_basic, uniq_natasha, uniq_grinder

Skill      XL: |  1  2  3 |
---------------+----------+-----
Ranged Weapons | 6 7 |  7.9
Fighting       | |  1.5
Dodging        | |  2.4
Stealth        | |  1.2

Action                     |  1- 3 |  4- 6 || total
---------------------------+-------+-------++-------
   Fire: Shortbow          |   111 |    68 ||   179
    Use: Scroll            |     3 |       ||     3
         Potion            |       |     1 ||     1
 Armour: Leather armour    |     7 |     3 ||    10
         Ring mail         |    22 |    24 ||    46
  Dodge: Dodged            |    30 |    20 ||    50

Table legend:
 A = Non-vault XP
 B = Vault XP
 C = Vault XP percentage of total XP
 D = Non-vault monster count
 E = Vault monster count
 F = Vault count percentage of total count
                 A         B        C        D         E       F
            +---------+---------+-------+---------+---------+-------
      Total |     112 |      37 |  24.8 |      63 |       1 |   1.6
            +---------+---------+-------+---------+---------+-------
        D:1 |      32 |       0 |   0.0 |      22 |       0 |   0.0
        D:2 |      46 |      37 |  44.6 |      28 |       1 |   3.4
        D:3 |      34 |       0 |   0.0 |      13 |       0 |   0.0
            +---------+---------+-------+---------+---------+-------
